AoeStats
← Schluder

Arabia

505885214Analyzed
3v3 RM · 20d ago on Sep 11, 2026· 51m 31s· 6 players
Game mode
Random Map
Map size
Normal (6 player)
Population
200
Speed
Normal
Resources
Standard
Victory
Conquest
Starting age
Dark Age
Ending age
Imperial Age
RankedLock teamsTeams togetherTeam positionsShared explorationLock speedFull tech treeHidden civsTurbo modeCheats
Victory
Defeat
🇩🇪 Mongols · Germany
905
+13
🇩🇪 Chinese · Germany
811
+17
🇩🇪 Bulgarians · Germany
798
+17
🇨🇳 Maya · China
850
-16
🇨🇳 Spanish · China
840
-16
🇨🇳 Bohemians · China
817
-15
章鱼哥
12:29 Feudal Age
19:28 Castle Age
17:43 Loom
17:46 Double-Bit Axe
18:44 Scale Barding Armor
21:24 Chain Barding Armor
22:13 Wheelbarrow
21:52 Bow Saw
25:19 Gold Mining
26:12 Hand Cart
25:45 Horse Collar
36:53 Imperial Age
40:27 Plate Barding Armor
40:20 Conscription
41:13 Elite Conquistador
47:55 Fletching
48:06 Padded Archer Armor
48:32 Bodkin Arrow
49:14 Elite Skirmisher
49:56 Bracer
50:12 Leather Archer Armor
50:06 Cavalier
51:24 Bloodlines
51:15 Husbandry
52:06 Supremacy
帅气的酷酷
0:38 Loom
11:12 Feudal Age
11:41 Double-Bit Axe
18:03 Castle Age
18:37 Pikeman
24:38 Bow Saw
30:46 Horse Collar
34:16 Squires
46:45 Imperial Age
44:39 Elite Skirmisher
45:25 Thumb Ring
45:13 Fletching
45:24 Padded Archer Armor
乔木
12:11 Feudal Age
19:24 Castle Age
17:51 Double-Bit Axe
17:49 Horse Collar
25:25 Bow Saw
29:12 Forging
29:02 Scale Mail Armor
28:57 Fletching
31:23 Chemistry
30:44 Treadmill Crane
33:11 Masonry
32:59 Murder Holes
33:56 Scale Mail Armor
35:23 Ballistics
35:14 Fortified Wall
38:50 Iron Casting
40:31 Pikeman
TrainerLukas
10:51 Feudal Age
15:31 Castle Age
13:51 Double-Bit Axe
14:31 Loom
15:34 Horse Collar
16:51 Fletching
17:01 Padded Archer Armor
18:53 Bow Saw
22:33 Heavy Plow
25:49 Wheelbarrow
25:06 Town Watch
25:54 Fervor
26:41 Leather Archer Armor
26:22 Bodkin Arrow
27:14 Ballistics
29:11 Elite Skirmisher
37:37 Imperial Age
35:23 Hand Cart
35:08 Town Patrol
37:02 Hand Cart
39:17 Conscription
38:18 Elite Chu Ko Nu
40:40 Bracer
41:10 Ring Archer Armor
40:51 Thumb Ring
50:09 Chemistry
49:05 Murder Holes
49:21 Masonry
Krysztoff
7:26 Loom
10:39 Feudal Age
14:16 Castle Age
17:04 Bloodlines
19:43 Forging
22:57 Double-Bit Axe
22:54 Horse Collar
23:07 Gold Mining
27:44 Heavy Plow
28:03 Bow Saw
27:45 Stone Mining
39:29 Imperial Age
37:37 Wheelbarrow
38:13 Ballistics
46:30 Stone Shaft Mining
47:03 Scale Barding Armor
47:35 Iron Casting
46:50 Fletching
48:33 Conscription
49:25 Chemistry
48:21 Murder Holes
48:30 Padded Archer Armor
49:52 Gold Shaft Mining
50:23 Husbandry
49:44 Elite Steppe Lancer
51:01 Hand Cart
50:50 Elite Mangudai
Schluder
10:22 Feudal Age
12:15 Wheelbarrow
11:37 Double-Bit Axe
16:21 Town Watch
17:44 Scale Mail Armor
17:56 Forging
18:37 Loom
19:03 Horse Collar
22:05 Castle Age
23:30 Chain Mail Armor
23:51 Iron Casting
23:25 Scale Barding Armor
26:06 Squires
25:51 Arson
25:29 Pikeman
27:54 Chain Barding Armor
30:08 Gold Mining
30:15 Stone Mining
30:44 Hand Cart
30:57 Town Patrol
32:09 Gambesons
33:16 Bow Saw
33:46 Gold Shaft Mining
37:15 Imperial Age
37:17 Stirrups
43:16 Masonry
43:04 Murder Holes
46:58 Elite Konnik
48:53 Plate Mail Armor
49:24 Blast Furnace
50:31 Fletching
50:42 Padded Archer Armor
51:50 Chemistry
52:07 Stone Shaft Mining
52:08 Thumb Ring
51:24 Elite Skirmisher
Connection lost

Rejoining the realm…

Still unreachable

The connection could not be restored.

Session expired

The server has moved on; the page needs a fresh start.